 Dungeon Crawl Stone Soup version 0.14-a0-181-gf6fe0c6 (webtiles) character file.

1487 Jenx the Basher (level 8, -8/50 HPs)
             Began as a Gargoyle Fighter on Oct 6, 2013.
             Killed by divine providence
             ... invoked by an orc priest
              (9 damage)
             ... on Level 7 of the Dungeon.
             The game lasted 00:20:36 (4805 turns).

Jenx the Basher (Gargoyle Fighter)                  Turns: 4805, Time: 00:20:36

HP  -8/50        AC 21     Str 23      XL: 8   Next: 55%
MP   7/7         EV  3     Int  8      God:
Gold 204         SH 20     Dex  9      Spells:  0 memorised,  7 levels left

Res.Fire  : . . .   See Invis. : .   a - +0 mace
Res.Cold  : . . .   Warding    : .   r - +0 plate armour
Life Prot.: + . .   Conserve   : .   b - +0 shield
Res.Poison: +       Res.Corr.  : .   n - +2 cap
Res.Elec. : +       Clarity    : .   s - +0 cloak
Sust.Abil.: . .     Spirit.Shd : .   v - +0 pair of gloves
Res.Mut.  : .       Stasis     : .   (no boots)
Res.Rott. : +       Flight     : .   q - amulet of rage
Saprovore : . . .                    (no ring)
                                     (no ring)

@: slightly resistant to hostile enchantments, extremely unstealthy
A: fangs 1, talons 2, life protection 1, electricity resistance, slow metabolism
1, unbreathing, petrification resistance, AC +5
a: Evoke Berserk Rage


You were on level 7 of the Dungeon.
You were not hungry.

You visited 1 branch of the dungeon, and saw 7 of its levels.

You collected 184 gold pieces.

Inventory:

Hand weapons
 a - a +0,+0 mace (weapon)
 y - the +0,+6 short sword of Reinforcement {speed, MR++ Stlth+, unknown}
   (You found it on level 5 of the Dungeon)

   Attacks with this weapon take half as long, but cause slightly less damage.
   It affects your resistance to hostile enchantments.
   It makes you much more stealthy.
 B - a +3,+2 war axe of freezing
 D - a cursed +3,+1 falchion
Missiles
 j - 9 darts of dispersal
 k - 8 tomahawks (quivered)
Armour
 b - a +0 shield (worn)
 n - a +2 cap (worn)
 r - a +0 plate armour (worn)
 s - a +0 cloak (worn)
 v - a +0 pair of gloves (worn)
 x - a +1 orcish robe of magic resistance
Magical devices
 t - a wand of polymorph (12)
Comestibles
 d - 5 bread rations
 g - 2 meat rations
 w - 2 chokos
 G - a chunk of quokka flesh
Scrolls
 c - a scroll of remove curse
 h - 2 scrolls of teleportation {unknown}
 p - a scroll of identify
 C - 3 scrolls of enchant armour {unknown}
 E - a scroll of magic mapping {unknown}
 H - a scroll of blinking
Jewellery
 q - an amulet of rage (around neck)
Potions
 e - 2 potions of curing
 f - a potion of speed {unknown}
 i - a potion of paralysis {unknown}
 l - a potion of might {unknown}
 m - 2 potions of heal wounds {unknown}
 o - a potion of blood
 u - 2 potions of magic {unknown}
 z - a potion of confusion {unknown}
 F - a potion of coagulated blood
Books
 A - a book of Changes

   Spells                             Type                      Level
   Beastly Appendage                  Transmutation                1
   Sticks to Snakes                   Transmutation                2
   Spider Form                        Transmutation/Poison         3
   Ice Form                           Ice/Transmutation            4
   Blade Hands                        Transmutation                5


   Skills:
 - Level 6.3 Fighting
 - Level 8.5 Maces & Flails
 + Level 4.8 Armour
 + Level 4.7 Shields


You had 7 spell levels left.
You didn't know any spells.

Dungeon Overview and Level Annotations

Branches:
Dungeon (7/27)             Temple (0/1) D:6
    Orc: D:6-11

Altars:

Shops:
D:6 =


Innate Abilities, Weirdness & Mutations

You are resistant to torment.
You are immune to poison.
Your stone body is very resilient (AC +5).
You have very sharp teeth.
You have razor-sharp toenails.
You resist negative energy.
You are resistant to electric shocks.
You have a slow metabolism.
You can survive without breathing.
You are immune to petrification.


Message History

The ice beast completely misses you.
The orc priest hits you but does no damage.
You sock the ice beast!
The ice beast is heavily wounded.
You block the ice beast's attack. You block the orc priest's attack.
Your shield prevents you from hitting the ice beast.
Your kick misses the ice beast.
The ice beast is heavily wounded.
You block the ice beast's attack.
The orc priest hits you but does no damage.
You hit the ice beast.
The ice beast is severely wounded.
The ice beast hits you. The ice beast freezes you!
The orc priest hits you but does no damage.
The orc priest mumbles some strange prayers to Beogh against you.
Something smites you!
* * * LOW HITPOINT WARNING * * *
The orc priest calls down the wrath of Beogh upon you.
Something smites you!
You die...

#.# ... #.# #.. ###### #.##
#.. #####..... o .... ...
........... ... #.. #.#
#..... ...o #.. #.# #....#
..... #.# #.# ###...
#(..#.######.###########.##
#?...oooI.@................
#####o######....>..#####.##
#.# #.......#####.## ..#
#............... ....
###########....( .....
#.....#...#) #.....
#.#########. ###... #.# #.
#.# #.# ##


You could see an ice beast, 2 orc priests and 2 orcs.

Vanquished Creatures
  A phantom (D:4)
  The ghost of Jenx the Skirmisher, an average LOBe of Trog (D:3)
  An ogre (D:7)
  2 centaurs (D:6)
  Blork the orc (D:5)
  2 giant frogs
  2 wights (D:6)
  A goliath beetle (D:7)
  A crimson imp (D:5)
  3 hounds
  2 iguanas
  6 worker ants
  Ijyb (D:7)
  A hound zombie (D:5)
  5 adders
  5 gnolls
  2 worms
  3 giant eyeballs
  3 giant geckos
  4 orcs
  13 bats
  A bat skeleton (D:7)
  6 giant cockroaches
  12 goblins
  9 hobgoblins
  11 jackals
  12 kobolds
  3 quokkas
  2 ball pythons
  4 giant newts
  A goblin zombie (D:5)
  A hobgoblin skeleton (D:6)
  A kobold skeleton (D:5)
  10 rats
133 creatures vanquished.

Notes
Turn   | Place    | Note
--------------------------------------------------------------
     0 | D:1      | Jenx, the Gargoyle Fighter, began the quest for the Orb.
     0 | D:1      | Reached XP level 1. HP: 14/14 MP: 0/0
   419 | D:1      | Reached XP level 2. HP: 19/19 MP: 1/1
  1196 | D:2      | Reached XP level 3. HP: 24/24 MP: 2/2
  1277 | D:2      | Reached skill level 4 in Maces & Flails
  1994 | D:3      | Reached XP level 4. HP: 25/28 MP: 3/3
  2085 | D:3      | Reached skill level 5 in Maces & Flails
  2162 | D:3      | Noticed Jenx's ghost (average LOBe)
  2255 | D:3      | Killed Jenx's ghost
  2255 | D:3      | Reached skill level 6 in Maces & Flails
  2255 | D:3      | Reached XP level 5. HP: 23/33 MP: 4/4
  2623 | D:4      | Reached XP level 6. HP: 38/38 MP: 5/5
  2811 | D:4      | Reached skill level 7 in Maces & Flails
  2866 | D:4      | Noticed a phantom
  2948 | D:4      | Killed a phantom
  2987 | D:4      | Reached skill level 8 in Maces & Flails
  2987 | D:4      | Reached XP level 7. HP: 15/42 MP: 6/6
  3567 | D:5      | Entered Level 5 of the Dungeon
  3588 | D:5      | Noticed Blork the orc
  3599 | D:5      | Killed Blork the orc
  3887 | D:5      | Got a pitted short sword
  4038 | D:5      | Paralysed by a giant eyeball for 2 turns
  4051 | D:5      | Reached skill level 5 in Fighting
  4055 | D:5      | Paralysed by a giant eyeball for 4 turns
  4281 | D:6      | Reached XP level 8. HP: 49/49 MP: 7/7
  4299 | D:6      | Paralysed by a giant eyeball for 2 turns
  4347 | D:6      | Found Hausas' Jewellery Boutique.
  4401 | D:6      | Found a staircase to the Ecumenical Temple.
  4609 | D:7      | Noticed Ijyb
  4640 | D:7      | Killed Ijyb
  4804 | D:7      | HP: 1/50 [orc priest/divine providence (16)]
  4805 | D:7      | Killed from afar by an orc priest

Action                   |  1- 3 |  4- 6 |  7- 9 || total
-------------------------+-------+-------+-------++-------
Melee: Mace              |   108 |   188 |   216 ||   512
Throw: Tomahawk          |     1 |    16 |    14 ||    31
       Dart              |       |       |     1 ||     1
  Use: Potion            |       |     1 |       ||     1
       Scroll            |       |     8 |     3 ||    11
